Map: Ancient Cistern LE

Players

ZoRo - Winner!

  • Race: Zerg Zerg
  • League: Master
  • Spawn Location: 7:00

A.I. 2 (Elite)

  • Race: Terran Terran
  • Spawn Location: 1:00

VOD

Have the link to the VOD?

Description

Time

  • Played on: Sept. 20, 2023, 6:02 p.m.
  • Length: 6:09
Show
View Real Time Build Order
Export as new Build Order

ZoRo Zerg - Winner!

Build Orders: Hatch First 

Get SALT Encoding   

  12  0:08  Drone  
  12  0:12  Overlord  
  13  0:17  Drone  
  14  0:30  Drone  
  14  0:32  Drone  
  16  0:48  Hatchery  
  15  0:52  Drone  
  15  0:55  Drone  
  17  1:02  Drone  
  18  1:09  Extractor  
  17  1:16  Spawning Pool  
  17  1:17  Drone  
  17  1:23  Drone  
  18  1:34  Drone  
  19  1:44  Drone  
  20  1:55  Overlord  
  20  2:05  Queen x2  
  20  2:06  Zergling x4  
  26  2:11  Drone  
  27  2:17  Drone  
  27  2:22  Hatchery  
  27  2:25  Drone  
  27  2:29  Drone  
  29  2:33  Overlord  
  29  2:45  Overlord  
  29  2:51  Metabolic Boost, Queen  
  29  2:54  Drone  
  29  2:56  Drone  
  33  2:58  Drone  
  33  3:02  Drone  
  33  3:04  Drone  
  36  3:11  Drone  
  37  3:13  Drone x2  
  37  3:15  Drone x2  
  37  3:19  Extractor  
  40  3:27  Roach Warren  
  40  3:31  Overlord  
  40  3:32  Overlord  
  39  3:36  Overlord  
  39  4:07  Roach x10  
  59  4:12  Roach  
  61  4:21  Roach  
  61  4:22  Roach  
  61  4:23  Overlord  
  65  4:29  Zergling x8  
  69  4:34  Zergling x4  
  69  4:35  Zergling x2  
  72  4:39  Overlord  
  72  4:42  Zergling x2  
  72  4:43  Zergling x2  
  74  4:46  Zergling x2  
  74  4:47  Zergling x2  
  74  4:51  Zergling x2  
  74  4:52  Zergling x2  
  77  4:55  Overlord  
  77  5:00  Ravager x2  
  77  5:03  Ravager  
  77  5:04  Zergling x4  
  77  5:05  Zergling x2  
  77  5:06  Zergling x2  
  84  5:09  Zergling x2  
  84  5:11  Zergling x2  
  86  5:20  Zergling x8  
  90  5:25  Zergling x6  
  90  5:27  Zergling x2  
  94  5:31  Overlord  
  94  5:33  Zergling x2  
  95  5:40  Zergling x4  
  94  5:42  Zergling x2  
  94  5:49  Zergling x4  
Show
View Real Time Build Order
Export as new Build Order

A.I. 2 (Elite) Terran 

Build Orders: 2 Factory 

Get SALT Encoding   

  12  0:00  SCV  
  13  0:13  SCV  
  14  0:18  Supply Depot  
  14  0:25  SCV  
  15  0:39  SCV  
  16  0:43  Barracks  
  16  0:51  SCV  
  17  1:03  SCV  
  18  1:16  SCV  
  18  1:18  Command Center  
  19  1:32  Marine, Orbital Command  
  20  1:40  Refinery  
  20  1:50  Marine  
  20  1:51  Supply Depot  
  21  1:57  SCV  
  22  2:02  Refinery  
  22  2:08  Marine  
  23  2:13  SCV  
  24  2:25  SCV  
  24  2:26  Marine  
  26  2:30  SCV  
  27  2:42  Factory  
  27  2:43  SCV, Marine, Orbital Command  
  29  2:56  Factory  
  29  2:59  SCV  
  29  3:01  Marine  
  31  3:09  SCV  
  31  3:11  SCV  
  33  3:19  Supply Depot, Marine  
  34  3:21  SCV  
  34  3:23  SCV  
  34  3:26  Factory Tech Lab  
  36  3:33  SCV  
  37  3:35  SCV  
  37  3:39  Factory Tech Lab  
  38  3:46  SCV  
  38  3:47  Siege Tank  
  38  3:48  SCV  
  43  3:52  Supply Depot  
  43  3:58  SCV, Siege Tank  
  43  4:00  SCV  
  48  4:07  Marine  
  48  4:08  Supply Depot  
  49  4:10  SCV  
  49  4:12  SCV  
  49  4:15  Supply Depot  
  51  4:19  Siege Tank  
  51  4:22  SCV  
  55  4:24  SCV  
  56  4:32  Supply Depot  
  56  4:34  SCV  
  56  4:35  Marine  
  56  4:36  SCV  
  59  4:39  Siege Tank  
  62  4:46  SCV  
  62  4:48  SCV  
  62  4:51  Supply Depot  
  64  4:53  Marine  
  64  4:55  Barracks  
  64  4:58  SCV  
  66  5:00  SCV, Armory  
  66  5:03  Hellion  
  66  5:04  Refinery  
  66  5:06  Refinery  
  68  5:10  SCV  
  68  5:11  Hellion  
  68  5:12  SCV, Barracks Tech Lab  
  72  5:24  Hellion  
  69  5:29  Command Center  
  69  5:30  Marine  
  69  5:32  SCV  
  69  5:33  Hellion  
  65  5:36  SCV  
  65  5:41  Marine  
  56  5:44  SCV  
  56  5:45  Hellion  
  56  5:47  Marine  
  43  5:51  SCV  
  43  5:56  SCV  
Tags
 
Add a new tag
Caveats
  • Supply blocks, unpowered buildings, or Contaminate may cause inaccurate times.
  • Supply counts are checked every 10 seconds.